 Dungeon Crawl Stone Soup version 0.19-a0-1682-g5114f93 (webtiles) character file.

21 4thArraOfDagon the Ducker (level 2, 6/24 HPs)
             Began as a Troll Wanderer on Sept 24, 2016.
             Quit the game on level 4 of the Dungeon.
             The game lasted 00:01:34 (379 turns).

4thArraOfDagon the Ducker (Troll Wanderer)           Turns: 379, Time: 00:01:35

Health: 6/24       AC:  8    Str: 18    XL:     2   Next: 65%
Magic:  2/2        EV: 10    Int: 11    God:
Gold:   0          SH:  0    Dex:  7    Spells: 0 memorised, 3 levels left

rFire  . . .     SeeInvis .       - Unarmed
rCold  . . .     Gourm    +     a - +2 robe
rNeg   . . .     Faith    .     (no shield)
rPois  .         Spirit   .     (helmet restricted)
rElec  .         Dismiss  .     (no cloak)
rCorr  .         Reflect  .     (gloves unavailable)
MR     .....     Harm     .     (boots unavailable)
Stlth  +.........               (no amulet)
                                (no ring)
                                (no ring)

@: no status effects
A: unfitting armour, claws 3, fast metabolism 3, gourmand, regeneration 1,
shaggy fur 1, tough skin 2
a: no special abilities


You were on level 4 of the Dungeon.
You were very full.

You visited 1 branch of the dungeon, and saw 4 of its levels.

Inventory:

Armour
 a - a +2 robe (worn)
Scrolls
 b - 3 scrolls of identify
Books
 c - the Volume of Conjuration

   Spells                             Type                      Level
   a - Sting                          Conjuration/Poison           1
   b - Stone Arrow                    Conjuration/Earth            3
Comestibles
 d - 2 bread rations


   Skills:
   Level 1.5 Axes
 - Level 1.0 Throwing
 - Level 2.4 Dodging
 * Level 2.4 Unarmed Combat
 - Level 1.0 Spellcasting
   Level 1.3 Conjurations
   Level 1.0 Evocations


You had 3 spell levels left.
You didn't know any spells.

Dungeon Overview and Level Annotations

Branches:
Dungeon (4/15)
 Temple: D:4-7

Altars:

Annotations:
D:4 Eustachio


Innate Abilities, Weirdness & Mutations

You are too large for most types of armour.
You have claws for hands.
Your metabolism is lightning-fast.
You like to eat raw meat.
Your natural rate of healing is unusually fast.
You are covered in fur. (AC +1)
You have very tough skin. (AC +2)


Message History

There is an escape hatch in the floor here.
You slide downwards.
The hatch slams shut behind you.
Eustachio the Magnificent comes into view.
He is wielding a rapier.
Eustachio shouts!
Unknown command.
You aren't carrying any potions.
As you read the scroll labeled GAPEPA VO CEAR, it crumbles to dust.
It is a scroll of amnesia.
You feel forgetful for a moment.
As you read the scroll labeled KEQYHEXECSE, it crumbles to dust.
You feel blessed for a moment.
It was a scroll of remove curse.
Eustachio hits you with a rapier.
As you read the scroll labeled PUODIRI FORAE, it crumbles to dust.
It is a scroll of identify.
You don't have any unidentified items.
Eustachio zaps a wand.
The puff of flame hits you!
It is a wand of flame.
You closely miss Eustachio. Eustachio hits you with a rapier.
* * * LOW HITPOINT WARNING * * *
Unknown command.
Are you sure you want to abandon this character and quit the game? (Confirm with "yes".) ############ +....@@....# ##########..#

You could see Eustachio.

Vanquished Creatures
  An adder (D:2)
  A giant cockroach (D:2)
  3 hobgoblins
  3 kobolds (D:2)
  A ball python (D:3)
  A frilled lizard (D:3)
  A goblin (D:2)
  2 rats
13 creatures vanquished.

Notes
Turn   | Place    | Note
-------+----------+-------------------------------------------
     0 | D:1      | 4thArraOfDagon the Troll Wanderer began the quest for the Orb.
     0 | D:1      | 4thArraOfDagon set off with: a +2 robe, a +0 hand axe, the Volume of Conjuration, 2 bread rations
     0 | D:1      | Reached XP level 1. HP: 16/16 MP: 1/1
    23 | D:1      | Identified the Volume of Conjuration
   151 | D:2      | Reached skill level 1 in Unarmed Combat
   222 | D:2      | Reached XP level 2. HP: 23/24 MP: 2/2
   374 | D:4      | Noticed Eustachio
   379 | D:4      | Quit the game

Vault maps used:
D:1:      dpeg_arrival_rooms_c
D:2:      first_bread
D:3:      minivault_11
D:4:      uniq_natasha, uniq_blork_the_orc, uniq_eustachio

Skill      XL: |  1 |
---------------+----+-----
Unarmed Combat | 2 |  2.4
Axes           | |  1.5
Throwing       | |  1.0
Dodging        | |  2.4
Spellcasting   | |  1.0
Conjurations   | |  1.3
Evocations     | |  1.0

Action                   || total
-------------------------++-------
Melee: Unarmed           ||    31
       Punch             ||     1
  Use: Scroll            ||     3
  Eat: Chunk             ||     5
       Beef jerky        ||     1
Armor: Robe              ||    10
Dodge: Dodged            ||    19
